Map: Nephor I

Players

Njwboom - Winner!

  • Race: Protoss Protoss
  • League: Diamond
  • Spawn Location: 12:00

Manta - Winner!

  • Race: Zerg Zerg
  • League: Silver
  • Spawn Location: 1:00

Zarc - Winner!

  • Race: Terran Terran
  • League: Bronze
  • Spawn Location: 1:00

Mogotoy

  • Race: Zerg Zerg
  • Spawn Location: 7:00

Efflorescent

  • Race: Protoss Protoss
  • Spawn Location: 7:00

EmporerZurg

  • Race: Terran Terran
  • League: Gold
  • Spawn Location: 6:00

VOD

Have the link to the VOD?

Description

Time

  • Played on: Feb. 18, 2016, 9:04 p.m.
  • Length: 16:18
Show
View Real Time Build Order
Export as new Build Order

Njwboom Protoss - Winner!

Build Orders:  

Get SALT Encoding   

  12  0:01  Probe (Chrono Boost)  
  13  0:11  Probe (Chrono Boost)  
  14  0:20  Pylon  
  14  0:22  Probe (Chrono Boost)  
  15  0:38  Probe (Chrono Boost)  
  15  0:40  Gateway  
  16  0:49  Assimilator, Probe (Chrono Boost)  
  17  0:52  Assimilator  
  17  0:59  Probe (Chrono Boost)  
  18  1:10  Probe (Chrono Boost)  
  18  1:11  Pylon  
  19  1:21  Probe (Chrono Boost)  
  20  1:33  Gateway  
  20  1:34  Cybernetics Core  
  20  1:40  Gateway  
  20  1:41  Probe (Chrono Boost)  
  21  1:52  Probe (Chrono Boost)  
  22  2:10  Gateway  
  22  2:14  Stalker  
  24  2:16  Warp Gate (Chrono Boost)  
  24  2:20  Stalker  
  26  2:27  Stalker  
  28  2:45  Stalker  
  28  2:51  Pylon  
  30  2:54  Pylon  
  30  3:09  Stalker x3  
  36  3:38  Twilight Council  
  36  4:07  Nexus  
  36  4:10  Adept x3  
  36  4:11  Adept  
  44  4:25  Blink (Chrono Boost)  
  44  4:30  Pylon  
  42  4:57  Stalker x3  
  48  5:01  Stalker  
  40  5:37  Stalker x4  
  40  5:42  Probe  
  48  5:43  Probe  
  46  6:13  Stalker x3  
  46  6:14  Stalker  
  48  6:37  Probe x2 (Chrono Boost)  
  50  6:48  Probe x2 (Chrono Boost)  
  52  7:02  Probe (Chrono Boost)  
  52  7:03  Probe (Chrono Boost)  
  54  7:13  Probe x2 (Chrono Boost)  
  56  7:19  Stalker x2  
  56  7:20  Stalker x2  
  64  7:23  Probe (Chrono Boost)  
  64  7:24  Probe (Chrono Boost)  
  66  7:34  Pylon, Probe x2 (Chrono Boost)  
  66  7:36  Assimilator  
  68  7:39  Assimilator  
  68  7:45  Probe x2 (Chrono Boost)  
  70  7:55  Probe (Chrono Boost)  
  70  7:56  Stalker  
  70  7:57  Stalker x2  
  77  8:06  Pylon  
  77  8:09  Pylon  
  77  8:11  Pylon  
  77  8:20  Gateway  
  77  8:21  Gateway  
  77  8:24  Forge  
  77  8:25  Forge  
  65  8:48  Stalker x4  
  47  9:09  Protoss Shields Level 1, Protoss Ground Weapons Level 1  
  43  9:11  Stalker x3  
  49  9:22  Gateway  
  49  9:33  Pylon  
  49  9:35  Stalker x3  
  53  9:52  Gateway  
  53  10:11  Nexus  
  53  10:18  Stalker  
  53  10:19  Stalker x3  
  61  10:37  Stalker  
  61  10:38  Stalker x2  
  45  11:19  Stalker x2  
  45  11:20  Stalker x5  
  45  11:21  Stalker  
  59  11:32  Probe x3 (Chrono Boost)  
  62  11:43  Probe x2 (Chrono Boost)  
  64  11:49  Dark Shrine  
  64  11:59  Stalker  
  64  12:00  Stalker x4  
  70  13:05  Dark Templar x5  
  74  13:06  Dark Templar x3  
  86  13:22  Gateway  
  86  13:23  Gateway  
  86  13:24  Probe x3 (Chrono Boost)  
  86  13:25  Gateway  
  86  13:26  Gateway  
  89  13:28  Gateway  
  89  13:29  Assimilator  
  89  13:32  Assimilator  
  89  13:34  Probe x2 (Chrono Boost)  
  89  13:41  Protoss Ground Weapons Level 2, Protoss Shields Level 2  
  89  13:42  Forge  
  89  13:47  Dark Templar x2  
  89  13:51  Dark Templar  
  91  14:32  Dark Templar x6  
  95  14:49  Dark Templar  
  97  14:55  Dark Templar  
  95  15:37  Dark Templar x3  
  95  15:40  Zealot x5  
Show
View Real Time Build Order
Export as new Build Order

Manta Zerg - Winner!

Build Orders: Pool First 

Get SALT Encoding   

  12  0:01  Drone  
  13  0:08  Drone  
  14  0:14  Extractor  
  14  0:15  Drone  
  15  0:32  Spawning Pool  
  14  0:36  Extractor  
  13  0:51  Drone  
  13  0:53  Overlord  
  14  1:22  Zergling x6  
  17  1:29  Queen  
  19  1:45  Hatchery  
  18  1:48  Zergling x2  
  19  2:21  Drone  
  19  2:22  Drone x2  
  22  2:23  Lair  
  22  2:55  Drone, Extractor  
  22  2:57  Overlord  
  22  3:00  Queen  
  22  3:01  Drone  
  25  3:26  Drone x2, Spire  
  26  3:30  Drone  
  27  3:39  Drone x2  
  29  4:11  Hatchery  
  22  4:34  Drone x4, Baneling Nest  
  25  4:45  Overlord  
  25  4:57  Drone x3  
  29  5:14  Mutalisk x3  
  29  5:17  Overlord  
  31  5:31  Mutalisk  
  31  5:32  Mutalisk  
  35  5:43  Mutalisk  
  35  5:44  Mutalisk  
  39  6:09  Mutalisk  
  39  6:10  Mutalisk  
  42  6:11  Zergling x2  
  42  6:12  Zergling x2  
  44  6:40  Extractor  
  43  7:02  Drone  
  43  7:04  Overlord x3  
  44  7:30  Mutalisk x3  
  44  7:31  Mutalisk  
  44  7:34  Drone x5  
  57  7:38  Extractor  
  57  7:40  Queen  
  58  7:49  Hatchery  
  57  8:14  Drone x2  
  57  8:15  Drone x6  
  63  9:07  Mutalisk x4  
  63  9:08  Mutalisk  
  73  9:11  Overlord x4  
  73  9:13  Drone  
  60  9:56  Mutalisk x5  
  60  9:57  Mutalisk x4  
  78  10:02  Queen  
  80  11:11  Mutalisk x7  
  80  11:12  Mutalisk x2  
  98  11:18  Extractor  
  98  11:23  Drone x2  
  95  12:09  Mutalisk x3  
  95  12:10  Mutalisk x2  
  95  12:12  Drone  
  95  12:15  Overlord x3  
  106  12:16  Overlord  
  80  13:47  Mutalisk x6  
  80  13:48  Mutalisk x5  
  82  13:50  Zergling x2  
  82  13:51  Zergling x12  
  93  14:12  Zergling x8  
  93  14:13  Zergling x2  
  98  14:34  Metabolic Boost  
  82  15:36  Mutalisk x5  
  82  15:37  Mutalisk x4  
  82  15:38  Zergling x10  
  82  15:39  Zergling x8  
Show
View Real Time Build Order
Export as new Build Order

Zarc Terran - Winner!

Build Orders:  

Get SALT Encoding   

  12  0:01  SCV  
  13  0:13  SCV  
  14  0:22  Supply Depot  
  14  0:25  SCV  
  15  0:36  Refinery  
  15  0:44  SCV  
  15  0:47  Barracks  
  16  0:56  SCV  
  17  1:08  SCV  
  17  1:10  Refinery  
  18  1:20  SCV  
  20  1:35  Orbital Command  
  19  1:41  Reaper  
  19  1:47  Factory  
  20  2:03  SCV  
  21  2:15  Command Center  
  21  2:19  SCV  
  22  2:31  Factory Tech Lab  
  22  2:37  Starport  
  22  2:39  SCV  
  22  2:57  SCV  
  23  3:21  Fusion Core  
  23  3:26  SCV  
  24  3:27  Supply Depot  
  24  3:32  Starport  
  24  3:33  SCV  
  25  3:39  Refinery, SCV  
  26  3:45  SCV  
  27  3:51  SCV  
  28  3:57  SCV  
  29  4:02  Refinery  
  29  4:03  SCV  
  29  4:09  SCV  
  31  4:12  Command Center  
  31  4:25  Supply Depot  
  31  4:27  Starport Tech Lab  
  31  4:37  Battlecruiser  
  37  4:41  SCV x2  
  39  4:47  Supply Depot  
  39  4:53  SCV x2  
  41  5:05  SCV x2  
  43  5:12  Battlecruiser  
  49  5:17  SCV x2  
  49  5:18  Armory  
  51  5:29  SCV x2  
  51  5:34  SCV  
  54  5:41  SCV x2  
  56  5:46  SCV  
  57  5:50  Battlecruiser  
  57  5:53  SCV x2  
  65  6:09  Armory  
  65  6:25  SCV x3  
  68  6:26  Refinery  
  68  6:37  Battlecruiser, SCV x2  
  76  6:47  Terran Ship Weapons Level 1  
  76  6:52  Refinery  
  76  7:12  Supply Depot  
  76  7:17  Supply Depot  
  76  7:18  Supply Depot  
  76  7:19  SCV  
  76  7:20  Supply Depot  
  76  7:22  Supply Depot  
  77  7:33  SCV x3  
  80  7:45  SCV x3  
  83  7:55  Battlecruiser x2  
  83  7:57  SCV x3  
  83  7:58  Terran Vehicle And Ship Armor Level 1  
  98  8:09  SCV x3  
  101  8:22  SCV x3  
  104  8:34  SCV x3  
  101  8:46  SCV x3  
  86  8:58  SCV  
  86  8:59  Battlecruiser x2  
  99  9:08  SCV x2  
  101  9:10  SCV  
  102  9:20  SCV x2  
  102  9:22  SCV  
  105  9:24  Command Center  
  105  9:27  Command Center  
  105  9:32  SCV  
  105  9:33  Terran Ship Weapons Level 2, SCV  
  105  9:34  SCV  
  108  9:40  Weapon Refit  
  108  9:44  SCV  
  109  10:03  Battlecruiser  
  115  10:19  Supply Depot  
  115  10:22  Supply Depot  
  115  10:27  Supply Depot  
  115  10:29  Supply Depot  
  115  10:36  Battlecruiser, Supply Depot  
  115  10:39  Supply Depot  
  115  10:42  Supply Depot  
  121  10:45  Supply Depot  
  121  10:47  Supply Depot  
  121  10:52  Supply Depot  
  121  10:55  Supply Depot  
  115  11:05  Supply Depot  
  115  11:07  Supply Depot  
  115  11:08  Battlecruiser  
  121  11:39  SCV  
  116  11:40  Battlecruiser  
  122  11:49  SCV  
  122  11:51  SCV  
  124  12:01  SCV  
  125  12:03  SCV  
  126  12:12  Battlecruiser  
  126  12:13  SCV  
  133  12:15  SCV  
  133  12:20  Orbital Command  
  133  12:22  Orbital Command  
  134  12:25  SCV  
  134  12:26  Starport  
  134  12:27  SCV  
  134  12:28  Starport  
  136  12:37  SCV  
  137  12:45  Battlecruiser  
  137  12:48  SCV  
  144  12:53  Refinery  
  144  12:59  Refinery  
  144  13:00  Terran Ship Weapons Level 3, Terran Vehicle And Ship Armor Level 2, SCV  
  144  13:04  Starport  
  145  13:06  Starport  
  145  13:12  SCV  
  146  13:16  Battlecruiser  
  146  13:19  Refinery  
  152  13:24  SCV  
  152  13:25  Refinery  
  153  13:36  SCV  
  154  13:42  Starport  
  154  13:48  SCV  
  155  13:49  Battlecruiser  
  137  14:19  Starport Tech Lab x5  
  137  14:20  Battlecruiser  
  143  14:29  SCV  
  144  14:41  SCV  
  145  14:48  Battlecruiser x2  
  157  14:53  Battlecruiser, SCV  
  164  15:02  Battlecruiser x3  
  164  15:05  SCV  
  183  15:17  SCV  
  190  15:37  Orbital Command  
  190  15:39  Orbital Command  
Show
View Real Time Build Order
Export as new Build Order

Mogotoy Zerg 

Build Orders: Hatch First 

Get SALT Encoding   

  12  0:04  Drone  
  13  0:10  Drone  
  14  0:18  Overlord  
  14  0:40  Drone  
  14  0:41  Drone  
  16  0:53  Hatchery  
  15  1:06  Spawning Pool  
  15  1:10  Extractor  
  13  1:24  Drone  
  13  1:25  Drone x2  
  16  1:29  Extractor  
  15  1:56  Drone  
  15  1:57  Drone  
  17  2:09  Zergling x6  
  20  2:21  Zergling x4  
  20  2:22  Queen x2  
  26  2:31  Metabolic Boost  
  26  2:34  Drone x2  
  28  2:53  Overlord  
  28  2:54  Overlord  
  28  3:07  Overlord  
  28  3:08  Overlord  
  28  3:12  Overlord  
  29  3:20  Zergling x6  
  31  3:34  Drone  
  31  3:35  Drone x4  
  31  3:40  Drone  
  37  3:42  Drone  
  37  3:48  Overlord  
  38  3:56  Drone x2  
  38  4:02  Lair  
  39  4:30  Zergling x18  
  35  5:22  Zergling x2  
  35  5:23  Zergling x12  
  39  5:47  Hydralisk Den  
  38  5:50  Drone  
  38  5:51  Drone x3  
  41  6:04  Hatchery  
  37  6:16  Spore Crawler  
  36  6:18  Drone  
  36  6:19  Drone x9  
  36  6:21  Spore Crawler  
  42  6:33  Drone x2  
  42  6:37  Muscular Augments  
  44  6:41  Drone x4  
  44  6:44  Extractor  
  44  6:45  Extractor  
  46  6:49  Spore Crawler  
  46  6:52  Spore Crawler  
  44  6:59  Overlord  
  44  7:12  Hydralisk  
  44  7:13  Hydralisk x7  
  60  7:21  Queen  
  62  7:25  Drone x4  
  62  7:26  Drone x2  
  66  8:04  Hydralisk  
  66  8:05  Hydralisk x3  
  68  8:08  Overlord x3  
  62  8:40  Hydralisk x11  
  62  8:41  Hydralisk x2  
  84  9:02  Hydralisk x4  
  84  9:36  Spore Crawler  
  79  9:50  Hydralisk x2  
  81  9:59  Lurker Den  
  81  10:05  Evolution Chamber, Drone x2  
  81  10:06  Queen  
  81  10:07  Evolution Chamber, Hatchery  
  82  10:09  Overlord x3  
  82  10:25  Overlord  
  82  10:26  Overlord  
  62  11:07  Hydralisk x10  
  62  11:08  Hydralisk x3  
  76  11:20  Zerg Missile Weapons Level 1  
  76  11:24  Drone  
  76  11:25  Drone x2  
  73  12:09  Hydralisk  
  73  12:10  Hydralisk x9  
  93  12:22  Hatchery  
  92  13:21  Hydralisk  
  92  13:22  Hydralisk x8  
  91  14:18  Overlord x2  
  91  14:22  Spore Crawler  
Show
View Real Time Build Order
Export as new Build Order

Efflorescent Protoss 

Build Orders:  

Get SALT Encoding   

  12  0:05  Probe (Chrono Boost)  
  13  0:22  Pylon  
  13  0:44  Gateway  
  13  0:51  Gateway  
  13  0:52  Probe (Chrono Boost)  
  14  1:03  Probe (Chrono Boost)  
  15  1:13  Probe (Chrono Boost)  
  15  1:15  Pylon  
  16  1:33  Gateway  
  16  1:39  Gateway  
  16  1:43  Zealot  
  16  1:44  Zealot  
  20  1:58  Cybernetics Core  
  20  2:10  Assimilator  
  20  2:12  Assimilator  
  20  2:19  Zealot  
  20  2:20  Zealot  
  24  2:28  Zealot  
  26  2:54  Warp Gate (Chrono Boost)  
  26  3:01  Stalker  
  28  3:06  Probe  
  29  3:18  Probe  
  30  3:30  Probe  
  31  3:39  Pylon  
  31  3:42  Pylon  
  31  3:49  Pylon  
  31  3:57  Stalker x3  
  37  4:05  Probe  
  38  4:12  Stalker  
  22  5:39  Stalker  
  22  5:40  Stalker x2  
  22  5:41  Stalker  
  30  6:04  Stalker  
  30  6:05  Stalker x3  
  30  6:08  Nexus  
  38  6:23  Gateway  
  38  6:30  Forge  
  38  6:34  Stalker  
  40  6:43  Assimilator  
  40  7:05  Stalker x2  
  44  7:12  Protoss Ground Weapons Level 1  
  44  7:34  Photon Cannon  
  44  7:40  Probe  
  45  7:47  Photon Cannon  
  45  7:51  Probe  
  44  8:39  Stalker  
  44  8:40  Stalker x3  
  28  8:51  Probe  
  25  9:01  Probe  
  24  9:12  Probe  
  24  9:15  Stalker x4  
  31  9:22  Probe  
  32  9:33  Probe  
  33  9:43  Probe  
  34  9:51  Twilight Council  
  34  10:02  Probe  
  35  10:07  Pylon  
  35  10:12  Probe  
  34  10:14  Stalker  
  29  10:23  Probe  
  30  10:33  Probe  
  21  10:38  Stalker x2  
  21  10:41  Stalker  
  27  10:44  Probe  
  28  10:58  Stalker  
  28  10:59  Stalker  
  26  11:28  Pylon  
  26  11:32  Pylon  
  22  11:34  Pylon  
  22  11:39  Pylon  
  18  11:47  Pylon  
  18  12:01  Stalker  
  20  12:02  Stalker  
  17  12:31  Mothership Core  
  5  13:21  Nexus  
  1  14:33  Probe  
  2  14:44  Probe  
  3  14:54  Probe  
  4  15:05  Probe  
  5  15:15  Probe  
  6  15:26  Probe  
  7  15:36  Probe  
  8  15:46  Mothership Core  
Show
View Real Time Build Order
Export as new Build Order

EmporerZurg Terran 

Build Orders:  

Get SALT Encoding   

  12  0:01  SCV  
  13  0:13  SCV  
  14  0:23  Supply Depot  
  14  0:25  SCV  
  15  0:45  SCV  
  15  0:49  Barracks  
  16  0:59  SCV  
  17  1:04  Refinery  
  17  1:21  Refinery  
  17  1:51  Marine  
  18  2:00  Factory  
  18  2:05  Barracks  
  18  2:08  Marine  
  19  2:24  SCV  
  19  2:26  Marine  
  21  2:37  SCV  
  22  2:44  Marine  
  23  2:53  Supply Depot  
  23  2:56  Armory  
  23  3:00  Factory Tech Lab  
  23  3:03  Factory  
  23  3:14  Marine, SCV  
  23  3:16  Supply Depot  
  25  3:23  Siege Tank  
  28  3:32  Marine  
  28  3:33  SCV  
  30  3:38  Supply Depot  
  30  3:45  SCV  
  30  3:47  Factory Tech Lab  
  31  3:50  Marine  
  31  3:53  Terran Vehicle Weapons Level 1  
  32  4:05  Siege Tank  
  32  4:07  Marine  
  32  4:08  Marine  
  37  4:26  Marine  
  38  4:36  Siege Tank  
  38  5:43  Siege Tank  
  38  5:44  Siege Tank  
  38  5:45  Marine x2  
  39  6:03  Marine x2  
  41  6:16  Siege Tank  
  44  6:21  Marine x2  
  37  6:38  Marine  
  37  6:39  Marine  
  39  6:42  Siege Tank  
  39  6:46  Supply Depot  
  42  6:48  Supply Depot, Siege Tank  
  45  6:56  Marine x2  
  45  6:57  Command Center  
  47  7:14  Terran Vehicle And Ship Armor Level 1, Marine x2  
  49  7:20  Supply Depot  
  52  7:22  Siege Tank  
  52  7:32  Marine x2  
  54  7:50  Marine  
  12  9:18  Marine  
  12  9:19  Marine  
  20  9:26  Thor  
  20  9:29  Thor  
  26  9:36  Marine x2  
  28  9:39  SCV  
  29  9:47  Terran Vehicle And Ship Armor Level 2  
  29  9:50  SCV  
  29  9:51  SCV  
  31  9:54  Marine x2  
  33  10:02  SCV  
  34  10:12  Marine x2  
  36  10:14  SCV  
  37  10:30  Marine x2  
Tags
 
Add a new tag
Caveats
  • Supply blocks, unpowered buildings, or Contaminate may cause inaccurate times.
  • Supply counts are checked every 10 seconds.